 Dungeon Crawl Stone Soup version 0.30.0-19-g36f170ea60 (webtiles) character file.

Game seed: 9219921665126253573

5954 Peloso the Carver (level 10, -1/88 HPs)
             Began as a Minotaur Fighter on June 1, 2023.
             Was a Follower of Okawaru.
             Slain by Snorg (22 damage)
             ... on level 10 of the Dungeon.
             The game lasted 00:18:36 (10472 turns).

Peloso the Carver (Minotaur Fighter)               Turns: 10472, Time: 00:18:37

Health: -1/88      AC: 17    Str: 23    XL:     10   Next: 54%
Magic:  9/10       EV: 10    Int:  5    God:    Okawaru [*.....]
Gold:   432        SH:  7    Dex: 12    Spells: 9/9 levels left

rFire   . . .        a - +1 falchion
rCold   . . .        d - +0 buckler
rNeg    . . .        C - +0 plate armour
rPois   .            (helmet restricted)
rElec   .            (no cloak)
rCorr   .            (no gloves)
SInv    .            (no boots)
Will    +....        (no amulet) Stlth
                     s - ring of willpower
HPRegen 0.34/turn    (no ring)
MPRegen 0.12/turn

%: no passive effects
@: mighty, heroic
A: horns 2, retaliatory headbutt
a: Renounce Religion, Heroism


You were on level 10 of the Dungeon.
You worshipped Okawaru.
Okawaru was aware of your devotion.
You visited 2 branches of the dungeon, and saw 11 of its levels.
You also visited: Sewer.

You collected 474 gold pieces.
You spent 42 gold pieces at shops.

Inventory:

Hand Weapons
 a - a +1 falchion (weapon)
Armour
 b - a +0 scale mail
 c - a +0 chain mail
 d - a +0 buckler (worn)
 C - a +0 plate armour (worn)
Jewellery
 h - a ring of magical power
 l - a ring of fire
 s - a ring of willpower (left hand)
 w - a ring of flight
 y - a ring of ice
Wands
 m - a wand of flame (27)
Scrolls
 e - 3 scrolls of amnesia
 j - 3 scrolls of identify
 k - a scroll of blinking
 o - 4 scrolls of teleportation
 p - 2 scrolls of enchant armour
 q - 2 scrolls of poison
 r - a scroll of acquirement {unknown}
 u - a scroll of brand weapon {unknown}
 v - a scroll of enchant weapon {unknown}
 B - a scroll of magic mapping {unknown}
 D - a scroll of immolation
Potions
 f - 2 potions of might
 g - a potion of brilliance
 i - 4 potions of curing
 n - 2 potions of mutation
 t - a potion of berserk rage {unknown}
 x - a potion of heal wounds
 z - a potion of cancellation {unknown}
 A - a potion of resistance
 E - a potion of haste {unknown}


   Skills:
 + Level 8.2(13.2) Fighting
 + Level 12.1(17.1) Long Blades
 + Level 10.9(15.9) Armour
 + Level 3.5(8.5) Dodging
 + Level 0.8(5.8) Stealth
 + Level 7.1(12.1) Shields
 + Level 1.4 Invocations


You had 9 spell levels left.
You didn't know any spells.
Your spell library contained the following spells:

 Spells                   Type           Power      Damage    Failure   Level
 Apportation              Tloc           0%         N/A       99%         1
 Sandblast                Erth           0%         2d4       99%         1
 Slow                     Hex            0%         N/A       99%         1
 Ensorcelled Hibernation  Hex/Ice        0%         N/A       100%        2
 Passwall                 Tmut/Erth      0%         N/A       100%        2
 Poisonous Vapours        Pois/Air       0%         N/A       100%        2
 Confusing Touch          Hex            0%         N/A       100%        3
 Inner Flame              Hex/Fire       0%         N/A       100%        3
 Mephitic Cloud           Conj/Pois/Air  0%         N/A       100%        3
 Ozocubu's Armour         Ice            0%         N/A       100%        3
 Stone Arrow              Conj/Erth      0%         3d7       100%        3
 Swiftness                Air            0%         N/A       100%        3
 Vampiric Draining        Necr           0%         2d6       100%        3
 Flame Wave               Conj/Fire      0%         2d4       100%        4
 Sticky Flame             Conj/Fire      0%         2d3       100%        4
 Alistair's Intoxication  Tmut/Pois      0%         N/A       100%        5
 Freezing Cloud           Conj/Ice/Air   0%         6-21      100%        5
 Metabolic Englaciation   Hex/Ice        0%         N/A       100%        5
 Simulacrum               Ice/Necr       Unusable   N/A       N/A         6

Dungeon Overview and Level Annotations

Branches:
Dungeon (10/15)            Temple (1/1) D:5            Lair (0/5) D:8
  Sewer (visited)
    Orc: D:9-12

Altars:
Ashenzari
Cheibriados
Dithmenos
Elyvilon
Fedhas
Gozag
Hepliaklqana
Kikubaaqudgha
Makhleb
Nemelex Xobeh
Okawaru
Qazlal
Ru
Sif Muna
Trog
Uskayaw
Vehumet
Wu Jian
Xom
Yredelemnul
Zin
The Shining One

Shops:
D:1 (   D:7 *   D:8 *

Annotations:
D:6 1 transporter, Bamboolord's ghost, novice DsNe
D:10 Snorg


Innate Abilities, Weirdness & Mutations

You have a pair of horns on your head.
You reflexively headbutt those who attack you in melee.


Message History

Snorg the Insatiable comes into view.
Snorg is nearby!
Snorg is nearby!
Snorg shouts!
You see here a +0 short sword.
You gain the combat prowess of a mighty hero.
You feel very mighty all of a sudden.
Snorg goes berserk!
Snorg closely misses you. Snorg misses you. Snorg claws you but does no damage.
Things that are here:
a +0 short sword; 3 poisoned darts You slash Snorg!
Snorg is lightly wounded.
Snorg closely misses you. x2; Snorg claws you!
You slash Snorg!
Snorg is lightly wounded.
You block Snorg's attack. x2; Snorg barely misses you.
You slice Snorg!! You headbutt Snorg!
Snorg is moderately wounded.
Snorg bites you! Snorg claws you but does no damage. Snorg claws you!
You slash Snorg!
Snorg is heavily wounded.
Snorg barely misses you. You furiously retaliate!
You headbutt Snorg! You block Snorg's attack. Snorg misses you.
You closely miss Snorg.
Snorg is heavily wounded.
Snorg bites you but does no damage. Snorg claws you but does no damage.
You block Snorg's attack.
You slash Snorg! You headbutt Snorg!
Snorg is severely wounded.
Snorg bites you. Snorg claws you! x2
* * * LOW HITPOINT WARNING * * *
You slash Snorg!
Snorg is severely wounded.
Snorg bites you but does no damage. You block Snorg's attack. Snorg claws you.
* * * LOW HITPOINT WARNING * * *
You slash Snorg! Your headbutt misses Snorg.
Snorg is almost dead.
Snorg bites you!!
You die...

...:.. #...#
......# #....
.....# #....
....######
###..
#.......# #..
#.......#
####..
#.......#
#.....
######.......#
#.....
#.)T@).......#
#.....
#.#######....#
#....# #.#
####.# #....#
..# #.###....#
####
#>.......#
#####....#
#....# #.....
######


You could see Snorg (berserk).

Vanquished Creatures
  A komodo dragon (D:8)
  An unseen horror (D:10)
  2 trolls
  A queen bee (D:8)
  9 yaks (D:7)
  A wyvern (D:9)
  3 sky beasts
  2 orc warriors (D:9)
  An ice beast (D:8)
  Pargi (Sewer)
  2 ogres
  3 centaurs
  A phantom (D:7)
  2 kobold brigands
  3 bullfrogs
  A scorpion (D:5)
  A gnoll sergeant (D:4)
  8 wights
  10 killer bees (D:8)
  4 howler monkeys
  A hound (D:6)
  A jelly (D:8)
  A gnoll bouda (D:7)
  3 orc priests
  Terence (D:2)
  8 orc wizards
  11 gnolls
  9 adders
  A river rat (D:3)
  A shadow imp (D:8)
  3 white imps
  An ufetubus (D:4)
  3 worms (D:2)
  A dart slug (D:3)
  19 orcs
  7 endoplasms
  5 giant cockroaches
  2 goblins
  7 hobgoblins
  2 jackals (D:3)
  14 kobolds
  5 quokkas
  8 ball pythons
  A bat (D:1)
  6 frilled lizards
  4 rats
182 creatures vanquished.

Notes
Turn   | Place    | Note
-------+----------+-------------------------------------------
     0 | D:1      | Peloso the Minotaur Fighter began the quest for the Orb.
     0 | D:1      | Reached XP level 1. HP: 19/19 MP: 0/0
   174 | D:1      | Found Kofomoph's Weapon Emporium.
   302 | D:1      | Reached XP level 2. HP: 26/27 MP: 1/1
   638 | D:2      | Reached skill level 3 in Long Blades
   655 | D:2      | Reached XP level 3. HP: 31/33 MP: 2/2
   828 | D:2      | Noticed Terence
   843 | D:2      | Killed Terence
   952 | D:2      | Reached XP level 4. HP: 40/40 MP: 3/3
  1464 | D:2      | Reached skill level 4 in Long Blades
  1713 | D:3      | Reached XP level 5. HP: 43/47 MP: 4/4
  1718 | D:3      | Found a glowing drain.
  1722 | Sewer    | Entered a sewer
  1756 | Sewer    | Noticed Pargi
  1773 | Sewer    | Killed Pargi
  1774 | Sewer    | Reached skill level 5 in Long Blades
  1935 | Sewer    | Reached skill level 5 in Armour
  2556 | D:4      | Reached XP level 6. HP: 43/53 MP: 5/5
  3196 | D:4      | Reached skill level 5 in Shields
  3475 | D:5      | Entered Level 5 of the Dungeon
  3487 | D:5      | Found a staircase to the Ecumenical Temple.
  3498 | Temple   | Entered the Ecumenical Temple
  3839 | D:4      | Reached skill level 5 in Fighting
  3839 | D:4      | Reached skill level 6 in Long Blades
  3839 | D:4      | Reached XP level 7. HP: 43/61 MP: 6/6
  3992 | D:5      | Found a shimmering altar of Xom.
  4012 | D:5      | Found a hide-covered altar of Uskayaw.
  4213 | D:5      | Reached skill level 1 in Dodging
  4713 | D:6      | HP: 2/61 [ogre/+0 giant club (17)]
  4981 | D:6      | Found a basalt altar of Yredelemnul.
  5098 | D:6      | Reached skill level 7 in Long Blades
  5219 | D:6      | Identified the +8 dire flail of Forgiveness {freeze, rPois
                  | rC+ Will+ Int-3}
  5219 | D:6      | Identified the +11 giant club of Boyfry {protect, rElec
                  | rPois Will- Dex+7}
  5219 | D:6      | Noticed a two-headed ogre
  5221 | D:6      | Noticed Bamboolord's ghost (novice DsNe)
  5222 | D:6      | Found a transporter.
  5236 | D:6      | Reached XP level 8. HP: 62/70 MP: 7/7
  5742 | D:7      | Found Zanikume's Assorted Antiques.
  5756 | D:7      | Bought a scroll labelled PIQIZO VIMOM for 21 gold pieces
  5756 | D:7      | Bought a scroll labelled XIUNAF JUECOEC for 21 gold pieces
  5771 | D:7      | Found a sacrificial altar of Ru.
  5803 | D:7      | Reached skill level 8 in Long Blades
  6103 | D:7      | Reached skill level 9 in Long Blades
  6763 | D:7      | Reached XP level 9. HP: 54/78 MP: 8/8
  6846 | D:7      | Reached skill level 10 in Long Blades
  7014 | D:8      | Found a sparkling altar of Nemelex Xobeh.
  7110 | D:6      | Found an iron altar of Okawaru.
  7118 | D:6      | Became a worshipper of Warmaster Okawaru
  7239 | D:8      | Found Hganoasch's Humungous Hoard.
  7637 | D:7      | Reached * piety under Okawaru
  7745 | D:7      | Reached skill level 11 in Long Blades
  8135 | D:8      | Noticed a queen bee
  8452 | D:8      | Killed a queen bee
  8453 | D:8      | Reached XP level 10. HP: 41/88 MP: 6/9
  8714 | D:8      | Reached skill level 10 in Armour
  8947 | D:8      | Found a blossoming altar of Fedhas.
  9001 | D:8      | Found a staircase to the Lair.
  9108 | D:8      | Found a broken altar of Ashenzari.
  9288 | D:9      | Reached skill level 1 in Invocations
  9597 | D:9      | Found a white marble altar of Elyvilon.
  9985 | D:10     | Entered Level 10 of the Dungeon
 10043 | D:10     | Reached skill level 12 in Long Blades
 10460 | D:10     | Noticed Snorg
 10472 | D:10     | Slain by Snorg

Illustrated notes

Levels and vault maps discovered:
D:1:      saegor_arrival_simple_a, layout_rooms, serial_shops, shop_statue
D:2:      minmay_angry_zag, layout_basic, uniq_terence
D:3:      layout_basic, gup_sewer_entry_bowl, kennysheep_minor_cross
D:4:      layout_basic, minmay_hedge_maze
D:5:      layout_rooms, lemuel_doored_altar, eat_drink_and_be_merry_uskayaw,
          minmay_temple_entry_glass
D:6:      layout_gridville, nicolae_overflow_hidden_temple,
          gammafunk_ghost_smash, dk_noncrumbling_3
D:7:      layout_rooms, nicolae_ru_sacrificial_ziggurat, serial_shops,
          nicolae_shop_crystal
D:8:      layout_cave_pools, lemuel_crystal_altar,
          ashenzari_conservatory_becter, fedhas_ov_isle_minmay,
          david_lair_shrubbed, nicolae_alphabet_shops,
          hangedman_decor_slide_cut, nicolae_looking_at_the_future
D:9:      layout_gridville, elyvilon_altar_3
D:10:     layout_basic, david_orc_4, hangedman_incinerator, uniq_snorg
Temple:   hellmonk_temple_forest_ring

Skill      XL: |  1  2  3  4  5  6  7  8  9 10 |
---------------+-------------------------------+-----
Armour         | 4 5 6 8 9 10 | 10.9
Fighting       | 4 5 6 7 8 |  8.2
Long Blades    | 3 4 5 6 7 9 11 12 | 12.1
Shields        | 4 5 6 7 |  7.1
Dodging        | 1 2 3 |  3.5
Invocations    | 1 |  1.4
Stealth        | |  0.8

Action                     |  1- 3 |  4- 6 |  7- 9 | 10-12 || total
---------------------------+-------+-------+-------+-------++-------
  Melee: Long sword        |    71 |   193 |   124 |       ||   388
         Headbutt          |    12 |    45 |    82 |    37 ||   176
         Falchion          |       |       |   274 |   174 ||   448
 Invoke: Heroism           |       |       |     3 |     8 ||    11
    Use: Potion            |     2 |     2 |     3 |     1 ||     8
         Scroll            |     1 |     6 |     3 |       ||    10
 Armour: Chain mail        |    44 |    89 |   176 |    26 ||   335
         Scale mail        |     2 |       |       |       ||     2
         Plate armour      |       |       |       |    60 ||    60
  Dodge: Dodged            |    33 |    87 |   123 |    73 ||   316
  Block: Buckler           |    18 |    48 |    71 |    49 ||   186
